 Dungeon Crawl Stone Soup version 0.17-a0-1989-gfb2cd5c (webtiles) character file.

178 Ordine the Skirmisher (level 5, 0/38 HPs)
             Began as an Octopode Fighter on Oct 7, 2015.
             Slain by Undrscore's ghost (13 damage)
             ... on level 4 of the Dungeon.
             The game lasted 00:06:20 (2037 turns).

Ordine the Skirmisher (Octopode Fighter)            Turns: 2037, Time: 00:06:20

Health: 0/38       AC:  1    Str: 21    XL:     5   Next: 58%
Magic:  5/5        EV: 10    Int: 10    God:
Gold:   120        SH: 10    Dex: 12    Spells: 0 memorised, 4 levels left

rFire  . . .     SeeInvis .     a - +0 long sword
rCold  . . .     Clarity  .     b - +1 shield
rNeg   . . .     SustAt   .     (helmet restricted)
rPois  .         Gourm    .     (no amulet)
rElec  .         Spirit   .     l - ring of stealth
rCorr  .         Warding  .     (no ring)
rMut   .         Stasis   .     (no ring)
MR     .....                    (no ring)
Stlth  +++.......               (no ring)
                                (no ring)
                                (no ring)
                                (no ring)

@: mighty, not resistant to hostile enchantments, fairly stealthy
A: almost no armour, amphibious, 8 rings, constrict 8, camouflage 1, gelatinous
body 1
a: no special abilities


You were on level 4 of the Dungeon.
You were not hungry.

You visited 1 branch of the dungeon, and saw 4 of its levels.

You collected 120 gold pieces.

Inventory:

Hand Weapons
 a - a +0 long sword (weapon)
Missiles
 j - 110 stones (quivered)
 k - 12 poisoned needles
 o - 2 needles of confusion
Armour
 b - a +1 shield (worn)
Jewellery
 l - a ring of stealth (left tentacle)
Scrolls
 g - 3 scrolls of remove curse
 m - 2 scrolls of fear
 p - a scroll of random uselessness {unknown}
 q - a scroll of immolation {unknown}
Potions
 e - a potion of cure mutation {unknown}
 h - a potion of lignification {unknown}
 n - a potion of berserk rage {unknown}
Comestibles
 d - a bread ration
 f - a chunk of flesh
 i - a beef jerky


   Skills:
 + Level 4.7 Fighting
 + Level 4.2 Long Blades
 - Level 3.0 Dodging
 - Level 3.0 Shields


You had 4 spell levels left.
You didn't know any spells.

Dungeon Overview and Level Annotations

Branches:
Dungeon (4/15)
 Temple: D:4-7

Altars:
Zin
The Shining One

Annotations:
D:4 Undrscore's ghost, amateur MfFi


Innate Abilities, Weirdness & Mutations

You cannot wear most types of armour.
You are amphibious.
You can wear up to eight rings at the same time.
You can use your tentacles to constrict eight enemies at once.
Your skin changes colour to match your surroundings (Stealth).
Your rubbery body absorbs attacks (AC +1).


Message History

You are too injured to fight recklessly!
You are too injured to fight recklessly!
You are too injured to fight recklessly!
You slash the centaur skeleton!
You destroy the centaur skeleton!
You start resting.
Undrscore's ghost (amateur Merfolk Fighter) comes into view.
Undrscore's ghost is nearby!
Undrscore's ghost is nearby!
Undrscore's ghost turns its malevolent gaze towards you.
Drink which item? (? for menu, Esc to quit)
You feel very mighty all of a sudden.
Press: ? - help, v - describe, . - travel
Here: Undrscore's ghost The floor.
Unknown command.
You slash Undrscore's ghost!
Undrscore's ghost is moderately damaged.
Undrscore's ghost hits you!
You die...

.................
.................
.................
...............##
.................
...(##.##.##.###
. #รท# .# ###W#
.# #.@.# .. #.###
#. #####.# #.
##..#..# #
#<....##
#.###...# #.#
..#.....
#.#..##.####
#.... #


You could see Undrscore's ghost.

Vanquished Creatures
  Jessica (D:3)
  A centaur skeleton (D:4)
  A worker ant (D:4)
  5 adders
  2 oozes
  4 giant geckos
  An orc (D:3)
  3 bats
  4 giant cockroaches
  3 hobgoblins
  5 jackals
  A quokka (D:3)
  A ball python (D:2)
  A giant gecko skeleton (D:4)
  5 giant newts
  10 goblins
  4 kobolds
  4 rats
56 creatures vanquished.

Notes
Turn   | Place    | Note
--------------------------------------------------------------
     0 | D:1      | Ordine the Octopode Fighter began the quest for the Orb.
     0 | D:1      | Reached XP level 1. HP: 16/16 MP: 1/1
   280 | D:1      | Reached XP level 2. HP: 18/21 MP: 2/2
   843 | D:2      | Reached XP level 3. HP: 26/26 MP: 3/3
  1249 | D:2      | Reached XP level 4. HP: 31/33 MP: 4/4
  1481 | D:3      | Reached skill level 4 in Fighting
  1486 | D:3      | Found a faded altar to an unknown god.
  1512 | D:3      | Noticed Jessica
  1517 | D:3      | Killed Jessica
  1587 | D:3      | Reached XP level 5. HP: 34/38 MP: 5/5
  1783 | D:3      | Found a glowing golden altar of the Shining One.
  1783 | D:3      | Found a glowing silver altar of Zin.
  2034 | D:4      | Noticed Undrscore's ghost (amateur MfFi)
  2037 | D:4      | Slain by Undrscore's ghost

Vault maps used:
D:1:      scummos_arrival_star
D:2:      minmay_misc_feat_cross
D:3:      gammafunk_temple_overflow_elements, ecumenical_altar_1, uniq_jessica
D:4:      nicolae_overflow_crystal_walls, minmay_misc_feat_square,
          uniq_blork_the_orc

Action                   |  1- 3 |  4- 6 || total
-------------------------+-------+-------++-------
Melee: Long sword        |    68 |    43 ||   111
  Use: Scroll            |       |     6 ||     6
       Potion            |       |     1 ||     1
 Stab: Sleeping          |     5 |     4 ||     9
  Eat: Chunk             |     1 |     3 ||     4
